 Dungeon Crawl Stone Soup version 0.29.1-15-g9cfb28693d (webtiles) character file.

Game seed: 12598354085657598956

2835 croobank the Destroyer (level 9, -4/66 HPs)
             Began as a Gnoll Conjurer on May 2, 2023.
             Was an Elder of Makhleb.
             Slain by an orc warrior
             ... wielding a +2 glaive of venom
              (12 damage)
             ... on level 7 of the Dungeon.
             The game lasted 00:29:12 (8981 turns).

croobank the Destroyer (Gnoll Conjurer)             Turns: 8981, Time: 00:29:13

Health: -4/66      AC:  7    Str:  7    XL:     9   Next: 73%
Magic:  4/19       EV: 14    Int: 21    God:    Makhleb [****..]
Gold:   404        SH:  0    Dex: 11    Spells: 11/21 levels left

rFire   . . .      SeeInvis .   M - +1 dagger (speed)
rCold   . . .      Faith    .   (no shield)
rNeg    . . .      Spirit   .   p - +0 robe
rPois   .          Reflect  .   (no helmet)
rElec   .          Harm     .   (no cloak)
rCorr   .          Rampage  .   A - +0 pair of gloves
Will    .....                   (no boots)
Stlth   +++.......              (no amulet)
HPRegen 0.21/turn               E - +4 ring of protection
MPRegen 0.16/turn               (no ring)

@: hasted and slowed
A: fangs 1, strong nose, distributed training
a: Renounce Religion, Minor Destruction, Lesser Servant of Makhleb, Major
Destruction


You were on level 7 of the Dungeon.
You worshipped Makhleb.
Makhleb was greatly pleased with you.
You visited 1 branch of the dungeon, and saw 7 of its levels.
You also visited: Sewer.

You collected 404 gold pieces.

Inventory:

Hand Weapons
 a - a +3 dagger
 b - a +0 sling
 d - a +0 falchion of flaming
 g - a +0 short sword
 l - a +0 trident
 o - a +1 dagger of venom
 t - a +1 short sword of flaming
 D - a +1 vorpal dire flail
 H - a +0 long sword
 M - a +1 dagger of speed (weapon)
 N - a +0 scimitar of draining
Missiles
 e - 4 atropa-tipped darts
 h - 7 poisoned darts (quivered)
 y - a curare-tipped dart
 G - 4 javelins
Armour
 n - a +0 ring mail
 p - a +0 robe (worn)
 r - a +0 leather armour
 A - a +0 pair of gloves (worn)
 O - +0 swamp dragon scales
Magical Staves
 K - a staff of poison
Jewellery
 E - a +4 ring of protection (left hand)
Wands
 s - a wand of flame (15)
Scrolls
 u - a scroll of butterflies
 w - 3 scrolls of fear {unknown}
 B - 2 scrolls of teleportation
 F - 2 scrolls of immolation {unknown}
 I - a scroll of vulnerability {unknown}
 J - a scroll of enchant armour {unknown}
 L - a scroll of identify
Potions
 c - a potion of magic
 f - 3 potions of flight
 i - 2 potions of might
 j - 6 potions of haste
 k - 4 potions of curing
 m - 2 potions of mutation
 q - a potion of brilliance
 x - 4 potions of cancellation {unknown}
 z - a potion of heal wounds {unknown}
 C - a potion of resistance {unknown}


   Skills:
 + Level 4.7 Fighting
 + Level 4.7 Short Blades
 + Level 4.7 Long Blades
 + Level 4.7 Axes
 + Level 4.7 Maces & Flails
 + Level 4.7 Polearms
 + Level 4.7 Staves
 + Level 4.7 Ranged Weapons
 + Level 4.7 Throwing
 + Level 4.7 Armour
 + Level 6.6 Dodging
 + Level 6.3 Stealth
 + Level 4.7 Shields
 + Level 4.7 Unarmed Combat
 + Level 6.9 Spellcasting
 + Level 8.2 Conjurations
 + Level 3.9 Hexes
 + Level 3.9 Summonings
 + Level 3.9 Necromancy
 + Level 3.9 Translocations
 + Level 3.9 Transmutations
 + Level 3.9 Fire Magic
 + Level 3.9 Ice Magic
 + Level 3.9 Air Magic
 + Level 3.9 Earth Magic
 + Level 3.9 Poison Magic
 + Level 5.2 Invocations
 + Level 4.7 Evocations


You had 11 spell levels left.
You knew the following spells:

 Your Spells              Type           Power      Damage    Failure   Level
a - Magic Dart            Conj           100%       1d8       1%          1
b - Searing Ray           Conj           82%        2d7       1%          2
c - Dazzling Flash        Conj/Hex       64%        N/A       2%          3
d - Iskenderun's Mystic   Conj/Tloc      32%        2d8       8%          4

Your spell library contained the following spells:

 Spells                   Type           Power      Damage    Failure   Level
 Summon Guardian Golem    Hex/Summ       23%        N/A       5%          3
 Fulminant Prism          Conj/Hex       16%        3d11      8%          4
 Airstrike                Air            11%        2d(2-18)  19%         4
 Summon Lightning Spire   Summ/Air       23%        N/A       19%         4
 Lightning Bolt           Conj/Air       16%        1d30      21%         5
 Orb of Destruction       Conj           20%        9d8       95%         7
 Spellforged Servitor     Conj/Summ      16%        N/A       99%         7


Dungeon Overview and Level Annotations

Branches:
Dungeon (7/15)             Temple (0/1) D:6           Sewer (visited)

Altars:
Fedhas
Makhleb

Shops:
D:3 :


Innate Abilities, Weirdness & Mutations

You have very sharp teeth.
Your uncanny sense of smell can sniff out nearby items.
Your experience applies equally to all skills.


Message History

Aim: an orc warrior, wielding a +2 glaive of venom and wearing a +0 plate armour (moderately wounded, 82% to hit)
The searing ray hits the orc warrior!
The orc warrior is heavily wounded. (Press . to maintain the ray.)
The orc shouts!
You feel sick. The orc warrior misses you.
The orc wizard casts a spell.
The orc wizard flickers and vanishes!
Deactivating autopickup; reactivate with Ctrl-A.
The searing ray hits the orc warrior.
The orc warrior is severely wounded.
You feel sick.
The orc warrior hits you from afar with a +2 glaive of venom!
You are more poisoned.
The searing ray hits the wraith.
The wraith is lightly damaged.
The searing ray hits the orc warrior but does no damage.
The orc warrior is severely wounded.
The searing ray hits something.
You feel very sick. The orc warrior closely misses you. The wraith hits you.
The wraith drains your vigour!
You feel yourself slow down.
The searing ray hits the wraith.
The wraith is moderately damaged.
The searing ray misses the orc warrior.
You finish channelling your searing ray.
You feel very sick.
The orc warrior hits you from afar with a +2 glaive of venom!!
* * * LOW HITPOINT WARNING * * *
You are lethally poisoned!
The wraith closely misses you.
You feel better. The orc warrior barely misses you. The wraith hits you.
The wraith drains your vigour!
You feel as though you will be slow longer.
The wraith completely misses you. The orc warrior completely misses you.
You feel yourself speed up. Something hits you but does no damage.
The wraith hits you!
* * * LOW HITPOINT WARNING * * *
The orc warrior hits you from afar with a +2 glaive of venom!
You die...

#........# #........#
#........# #........#
#........# ∆ #........#
#...o....#
#.#.#.#'#.##############
....)oW@)†..............
...######################
y8 #### o #... . #.## ∆
.. #.#. ... #####.#. ..
#.....#. #.#.#####.


You could see a wraith, an orc warrior and an orc.

Vanquished Creatures
  Maggie (D:6)
  A wyvern (D:7)
  Edmund (D:4)
  A water moccasin (D:6)
  An orc warrior (D:6)
  3 black bears
  A sky beast (D:5)
  An ogre (D:5)
  A phantom (D:6)
  A kobold brigand (Sewer)
  4 necrophages
  3 bullfrogs (D:6)
  2 scorpions
  4 killer bees (D:7)
  3 hounds
  A jelly (D:4)
  3 orc priests (D:6)
  Jessica (D:3)
  6 iguanas
  Ijyb (D:3)
  7 orc wizards
  8 adders
  3 worms
  5 dart slugs
  16 orcs
  11 ball pythons
  4 endoplasms
  2 giant cockroaches
  14 goblins
  15 hobgoblins
  10 jackals
  10 quokkas
  6 bats
  4 frilled lizards
  23 kobolds
  12 rats
190 creatures vanquished.

Vanquished Creatures (others)
  14 plants
14 creatures vanquished.

Grand Total: 204 creatures vanquished

Notes
Turn   | Place    | Note
-------+----------+-------------------------------------------
     0 | D:1      | croobank the Gnoll Conjurer began the quest for the Orb.
     0 | D:1      | Reached XP level 1. HP: 13/13 MP: 6/6
   193 | D:1      | Reached XP level 2. HP: 19/19 MP: 1/7
   199 | D:1      | Learned a level 2 spell: Searing Ray
   309 | D:1      | Found a faded altar of an unknown god.
   337 | D:1      | Prayed at the altar of an unknown god.
   337 | D:1      | Became a worshipper of Makhleb the Destroyer
   337 | D:1      | Reached * piety under Makhleb
   711 | D:2      | Reached skill level 5 in Spellcasting
   711 | D:2      | Reached XP level 3. HP: 25/25 MP: 3/9
   801 | D:2      | Learned a level 3 spell: Dazzling Flash
   849 | D:2      | Reached skill level 1 in Invocations
   908 | D:2      | Found a blossoming altar of Fedhas.
  1104 | D:2      | Reached skill level 1 in Fighting
  1104 | D:2      | Reached skill level 1 in Short Blades
  1104 | D:2      | Reached skill level 1 in Long Blades
  1104 | D:2      | Reached skill level 1 in Axes
  1104 | D:2      | Reached skill level 1 in Maces & Flails
  1104 | D:2      | Reached skill level 1 in Polearms
  1104 | D:2      | Reached skill level 1 in Staves
  1104 | D:2      | Reached skill level 1 in Ranged Weapons
  1104 | D:2      | Reached skill level 1 in Throwing
  1104 | D:2      | Reached skill level 1 in Armour
  1104 | D:2      | Reached skill level 1 in Shields
  1104 | D:2      | Reached skill level 1 in Unarmed Combat
  1104 | D:2      | Reached skill level 1 in Evocations
  1126 | D:2      | Reached XP level 4. HP: 21/32 MP: 1/11
  2102 | D:2      | Reached skill level 1 in Hexes
  2102 | D:2      | Reached skill level 1 in Summonings
  2102 | D:2      | Reached skill level 1 in Necromancy
  2102 | D:2      | Reached skill level 1 in Translocations
  2102 | D:2      | Reached skill level 1 in Transmutations
  2102 | D:2      | Reached skill level 1 in Fire Magic
  2102 | D:2      | Reached skill level 1 in Ice Magic
  2102 | D:2      | Reached skill level 1 in Air Magic
  2102 | D:2      | Reached skill level 1 in Earth Magic
  2102 | D:2      | Reached skill level 1 in Poison Magic
  2633 | D:3      | Reached ** piety under Makhleb
  2983 | D:3      | Learned a level 4 spell: Iskenderun's Mystic Blast
  3007 | D:3      | Noticed Ijyb
  3017 | D:3      | Killed Ijyb
  3018 | D:3      | Reached XP level 5. HP: 32/37 MP: 8/12
  3076 | D:3      | Noticed Jessica
  3080 | D:3      | Killed Jessica
  3156 | D:3      | Found a glowing drain.
  3183 | Sewer    | Entered a sewer
  3660 | Sewer    | Noticed a kobold brigand
  3663 | Sewer    | Reached *** piety under Makhleb
  3673 | Sewer    | Killed a kobold brigand
  3674 | Sewer    | Reached skill level 5 in Dodging
  3674 | Sewer    | Reached XP level 6. HP: 31/44 MP: 1/14
  3881 | D:3      | Found Zuopp's Book Emporium.
  4764 | D:4      | Noticed Edmund
  4780 | D:4      | Killed Edmund
  4781 | D:4      | Reached XP level 7. HP: 30/51 MP: 0/15
  5052 | D:4      | Reached **** piety under Makhleb
  5685 | D:5      | Entered Level 5 of the Dungeon
  5704 | D:4      | Reached skill level 5 in Stealth
  6014 | D:5      | Reached XP level 8. HP: 58/58 MP: 6/16
  7189 | D:6      | Noticed Maggie
  7196 | D:6      | Killed Maggie
  7197 | D:6      | Reached XP level 9. HP: 26/65 MP: 13/18
  7571 | D:6      | Reached skill level 8 in Conjurations
  8236 | D:6      | Found a staircase to the Ecumenical Temple.
  8788 | D:7      | Reached skill level 5 in Invocations
  8981 | D:7      | Slain by an orc warrior

Illustrated notes

Levels and vault maps discovered:
D:1:      lightli_arrival_lavapool, layout_rooms, basic_ecumenical_altar
D:2:      kb_forest_paths, layout_basic, basic_altar
D:3:      cheibrodos_greedy_goblins, layout_basic, portal_sewer_entry_b,
          serial_shops, nicolae_shop_waterfront, dreamdust_wishing_well,
          uniq_ijyb, uniq_jessica
D:4:      layout_cave_pools, serial_bayou_pond_c, uniq_edmund
D:5:      layout_gridville
D:6:      layout_loops_ring, minmay_temple_entry_statues_fountains,
          nicolae_underground_beach, uniq_maggie
D:7:      layout_basic, nemelex_spade_bored_becter, minmay_misc_feat_encased,
          grunt_ministairs_9

Skill      XL: |  1  2  3  4  5  6  7  8  9 |
---------------+----------------------------+-----
Spellcasting   | 5 6 |  6.9
Invocations    | 1 2 3 4 5 |  5.2
Fighting       | 1 2 3 4 |  4.7
Short Blades   | 1 2 3 4 |  4.7
Long Blades    | 1 2 3 4 |  4.7
Axes           | 1 2 3 4 |  4.7
Maces & Flails | 1 2 3 4 |  4.7
Polearms       | 1 2 3 4 |  4.7
Staves         | 1 2 3 4 |  4.7
Ranged Weapons | 1 2 3 4 |  4.7
Throwing       | 1 2 3 4 |  4.7
Armour         | 1 2 3 4 |  4.7
Shields        | 1 2 3 4 |  4.7
Unarmed Combat | 1 2 3 4 |  4.7
Evocations     | 1 2 3 4 |  4.7
Hexes          | 1 2 3 |  3.9
Summonings     | 1 2 3 |  3.9
Necromancy     | 1 2 3 |  3.9
Translocations | 1 2 3 |  3.9
Transmutations | 1 2 3 |  3.9
Fire Magic     | 1 2 3 |  3.9
Ice Magic      | 1 2 3 |  3.9
Air Magic      | 1 2 3 |  3.9
Earth Magic    | 1 2 3 |  3.9
Poison Magic   | 1 2 3 |  3.9
Dodging        | 5 6 |  6.6
Stealth        | 5 6 |  6.3
Conjurations   | 8 |  8.2

Action                   |  1- 3 |  4- 6 |  7- 9 || total
-------------------------+-------+-------+-------++-------
Melee: Dagger            |     8 |    61 |     8 ||    77
       Bite              |       |     6 |     1 ||     7
 Fire: Sling             |       |       |    29 ||    29
Throw: Dart              |       |     2 |       ||     2
 Cast: Magic Dart        |    31 |    43 |    32 ||   106
       Searing Ray       |     7 |    29 |    43 ||    79
       Dazzling Flash    |       |     7 |       ||     7
       Iskenderun's Myst |       |    14 |    29 ||    43
Invok: Lesser Servant of |       |       |     1 ||     1
       Major Destruction |       |       |     1 ||     1
Evoke: Wand              |       |     1 |     2 ||     3
  Use: Scroll            |       |     9 |     5 ||    14
       Potion            |       |     3 |     3 ||     6
 Stab: Invisible         |       |     2 |       ||     2
       Sleeping          |       |     5 |     3 ||     8
Armor: Robe              |       |    25 |    27 ||    52
Dodge: Dodged            |    13 |   102 |    61 ||   176
